 Dungeon Crawl Stone Soup version 0.30-a0-782-ge64f9170bb (webtiles) character file.

Game seed: 5706185328298294224

111 Darkkill the Shooter (level 4, -5/38 HPs)
             Began as a Minotaur Hunter on Feb 18, 2023.
             Was a Believer of Qazlal.
             Slain by Edmund
             ... wielding a +0 dire flail of protection
              (8 damage)
             ... on level 4 of the Dungeon.
             The game lasted 00:03:32 (2026 turns).

Darkkill the Shooter (Minotaur Hunter)              Turns: 2026, Time: 00:03:33

Health: -5/38      AC:  9    Str: 15    XL:     4   Next: 62%
Magic:  3/3        EV: 12    Int:  6    God:    Qazlal [**....]
Gold:   89         SH:  2    Dex: 16    Spells: 3/3 levels left

rFire   . . .      SeeInvis .    a - +4 shortbow
rCold   . . .      Faith    .    (shield currently unavailable)
rNeg    . . .      Spirit   .    e - quicksilver dragon scales
rPois   .          Reflect  .    (helmet restricted)
rElec   .          Harm     .    (no cloak)
rCorr   .          Rampage  .    (no gloves)
Will    +....                    (no boots)
Stlth   +                        (no amulet)
HPRegen 0.26/turn                (no ring)
MPRegen 0.08/turn                (no ring)

@: no status effects
A: horns 2, retaliatory headbutt
a: Renounce Religion, Upheaval


You were on level 4 of the Dungeon.
You worshipped Qazlal.
Qazlal was pleased with you.
You visited 1 branch of the dungeon, and saw 4 of its levels.

You collected 89 gold pieces.

Inventory:

Hand Weapons
 a - a +4 shortbow (weapon)
Missiles
 h - 36 stones
 m - 10 poisoned darts
 s - 5 silver javelins
Armour
 e - quicksilver dragon scales (worn)
Scrolls
 b - 3 scrolls of immolation
 o - a scroll of amnesia
 r - 3 scrolls of fog
Potions
 c - a potion of might {unknown}
 d - 2 potions of haste
 f - a potion of degeneration {unknown}
 g - 2 potions of flight {unknown}
 i - 3 potions of mutation
 j - a potion of lignification {unknown}
 k - 2 potions of brilliance
 n - a potion of curing {unknown}
 q - 2 potions of magic {unknown}


   Skills:
 + Level 3.5 Fighting
 + Level 5.0 Ranged Weapons
 + Level 3.3 Dodging
 + Level 2.1 Stealth


You had 3 spell levels left.
You didn't know any spells.
Your spell library contained the following spells:

 Spells                   Type           Power      Damage    Failure   Level
 Ensorcelled Hibernation  Hex/Ice        0%         N/A       83%         2
 Lesser Beckoning         Tloc           0%         N/A       83%         2
 Gell's Gravitas          Tloc           0%         N/A       96%         3
 Spider Form              Tmut/Pois      0%         N/A       96%         3
 Summon Guardian Golem    Hex/Summ       0%         N/A       96%         3
 Teleport Other           Tloc           0%         N/A       96%         3
 Anguish                  Hex/Necr       0%         N/A       100%        4
 Orb of Destruction       Conj           0%         9d5       100%        7
 Spellforged Servitor     Conj/Summ      0%         N/A       100%        7


Dungeon Overview and Level Annotations

Branches:
Dungeon (4/15)
 Temple: D:4-7

Altars:
Qazlal
Xom
The Shining One

Shops:
D:3 [([

Annotations:
D:4 Edmund


Innate Abilities, Weirdness & Mutations

You have a pair of horns on your head.
You reflexively headbutt those who attack you in melee.


Message History

There is an open door here.
There is an open door here.
Done exploring.
No target in view!
Done exploring.
No target in view!
Done exploring.
No target in view!
Done exploring.
No target in view!
No target in view!
Done exploring.
As you read the scroll of identify {@r1}, it crumbles to dust.
r - 3 scrolls of fog
As you read the scroll of enchant weapon, it crumbles to dust.
Your +1 shortbow glows red for a moment.
As you read the scroll of enchant weapon, it crumbles to dust.
Your +2 shortbow glows red for a moment.
As you read the scroll of enchant weapon, it crumbles to dust.
Your +3 shortbow glows red for a moment.
As you read the scroll of identify {@r1}, it crumbles to dust.
k - 2 potions of brilliance
There is a stone staircase leading down here.
There is a stone staircase leading down here.
You climb downwards.
Found a scroll of teleportation and a murky amethyst potion.
There is a stone staircase leading up here.
There are monsters nearby!
You shoot an arrow. The arrow hits the dart slug.
The dart slug is moderately wounded.
You shoot an arrow. The arrow hits the dart slug.
The dart slug is severely wounded.
The dart slug launches a dart at you. The slug dart hits you.
There are monsters nearby!
You shoot an arrow. The arrow hits the dart slug!
You kill the dart slug!
Qazlal accepts your kill.
You shoot an arrow. The arrow hits Edmund.
Edmund is lightly wounded.
Edmund barely misses you.
You shoot an arrow. The arrow barely misses Edmund.
The quokka closely misses you. You furiously retaliate!
You headbutt the quokka.
You kill the quokka!
Qazlal accepts your kill.
Edmund hits you with a +0 dire flail of protection.
You shoot an arrow. The arrow hits Edmund.
Edmund is lightly wounded.
Edmund closely misses you. You furiously retaliate!
You headbutt Edmund.
Edmund hits you with a +0 dire flail of protection.
You are too injured to fight recklessly!
You are too injured to fight recklessly!
You are too injured to fight recklessly!
Fire: a) +4 shortbow
Press: ? - help, Q - select action, (/) - cycle Shift-Dir - straight line, f/p - Edmund
Aim: Edmund, wielding a +0 dire flail of protection and wearing a +0 leather armour (lightly wounded, 67% to hit)
You shoot an arrow. The arrow closely misses Edmund.
Edmund hits you with a +0 dire flail of protection!
Fire: a) +4 shortbow
Press: ? - help, Q - select action, (/) - cycle Shift-Dir - straight line, f/p - Edmund
Aim: Edmund, wielding a +0 dire flail of protection and wearing a +0 leather armour (sparse dust, lightly wounded, 67% to hit)
You shoot an arrow. The arrow closely misses Edmund.
Edmund closely misses you.
Fire: a) +4 shortbow
Press: ? - help, Q - select action, (/) - cycle Shift-Dir - straight line, f/p - Edmund
Aim: Edmund, wielding a +0 dire flail of protection and wearing a +0 leather armour (sparse dust, lightly wounded, 67% to hit)
You shoot an arrow. The arrow hits Edmund.
Edmund is lightly wounded.
Edmund misses you. You furiously retaliate!
You headbutt Edmund. Edmund barely misses you.
Fire: a) +4 shortbow
Press: ? - help, Q - select action, (/) - cycle Shift-Dir - straight line, f/p - Edmund
Aim: Edmund, wielding a +0 dire flail of protection and wearing a +0 leather armour (sparse dust, lightly wounded, 67% to hit)
You shoot an arrow.
The arrow hits Edmund but does no damage.
Edmund is lightly wounded.
Edmund completely misses you.
Fire: a) +4 shortbow
Press: ? - help, Q - select action, (/) - cycle Shift-Dir - straight line, f/p - Edmund
Aim: Edmund, wielding a +0 dire flail of protection and wearing a +0 leather armour (lightly wounded, 67% to hit)
You shoot an arrow. The arrow hits Edmund!
Edmund is moderately wounded.
Edmund hits you with a +0 dire flail of protection. x2
Fire: a) +4 shortbow
Press: ? - help, Q - select action, (/) - cycle Shift-Dir - straight line, f/p - Edmund
Aim: Edmund, wielding a +0 dire flail of protection and wearing a +0 leather armour (moderately wounded, 67% to hit)
You shoot an arrow.
The arrow hits Edmund but does no damage.
Edmund is moderately wounded.
Edmund hits you with a +0 dire flail of protection!
* * * LOW HITPOINT WARNING * * *
Fire: a) +4 shortbow
Press: ? - help, Q - select action, (/) - cycle Shift-Dir - straight line, f/p - Edmund
Aim: Edmund, wielding a +0 dire flail of protection and wearing a +0 leather armour (moderately wounded, 67% to hit)
You shoot an arrow.
The arrow hits Edmund but does no damage.
Edmund is moderately wounded.
Edmund hits you with a +0 dire flail of protection!
You die...

. .. .# .#
######.##.#####
..............#
##.............
#..............
.......†.......
#.....§@○......
#.......@.?....
#.........†....
##.............
#..............
...............
!..............
#########......


You could see Edmund.

Vanquished Creatures
  Natasha (D:2)
  2 adders (D:3)
  A worm (D:2)
  2 dart slugs
  8 ball pythons
  5 endoplasms
  A giant cockroach (D:2)
  2 goblins (D:2)
  13 jackals
  6 quokkas
  3 bats
  7 frilled lizards
  5 kobolds
  2 rats (D:1)
58 creatures vanquished.

Vanquished Creatures (others)
  3 fungi (D:3)
  2 plants (D:3)
5 creatures vanquished.

Grand Total: 63 creatures vanquished

Notes
Turn   | Place    | Note
-------+----------+-------------------------------------------
     0 | D:1      | Darkkill the Minotaur Hunter began the quest for the Orb.
     0 | D:1      | Reached XP level 1. HP: 18/18 MP: 0/0
    76 | D:1      | Reached skill level 1 in Stealth
    80 | D:1      | Reached XP level 2. HP: 25/25 MP: 1/1
   326 | D:1      | Found a faded altar of an unknown god.
   475 | D:1      | Prayed at the altar of an unknown god.
   475 | D:1      | Became a worshipper of Qazlal Stormbringer
   475 | D:1      | Reached * piety under Qazlal
   539 | D:2      | Reached XP level 3. HP: 21/31 MP: 2/2
  1157 | D:2      | Noticed Natasha
  1166 | D:2      | Killed Natasha
  1167 | D:2      | Reached XP level 4. HP: 32/38 MP: 3/3
  1286 | D:2      | You fall into a shaft and drop 1 floor!
  1286 | D:3      | Found Qowiv's Armour Shop.
  1301 | D:3      | Found Kig Weri's Antique Armour Shop.
  1446 | D:3      | Reached ** piety under Qazlal
  1732 | D:3      | Found a shimmering altar of Xom.
  1733 | D:3      | Found a shimmering altar of Xom.
  1737 | D:3      | Reached skill level 5 in Ranged Weapons
  1737 | D:3      | Found a shimmering altar of Xom.
  1841 | D:3      | Found Usasoptedoe's Weapon Emporium.
  1857 | D:3      | Found a glowing golden altar of the Shining One.
  2013 | D:4      | Noticed Edmund
  2025 | D:4      | HP: 3/38 [Edmund/+0 dire flail of protection (9)]
  2026 | D:4      | Slain by Edmund

Illustrated notes

Levels and vault maps discovered:
D:1:      nzn_arrival_crosshair, layout_rooms, dreamdust_ecumenical_altar_grove
D:2:      layout_basic, minmay_tromino_i2, uniq_natasha
D:3:      layout_basic, mainiacjoe_overflow_cross_hatched, xom_redecorated,
          serial_corexii_hall, corexii_hall_statues_i,
          chequers_hall_statues_corner_a, serial_shops, shop,
          nicolae_shop_temple_entry_statues_fountains,
          nicolae_shop_overgrown_old_shop, minmay_fountain_box,
          minmay_misc_feat_roman
D:4:      layout_cave_pods, nicolae_ru_awakened_eye,
          nicolae_overflow_crystal_walls, gammafunk_ghost_split, uniq_edmund

Skill      XL: |  1  2  3  4 |
---------------+-------------+-----
Stealth        | 1 2 |  2.1
Fighting       | 3 |  3.5
Dodging        | 3 |  3.3
Ranged Weapons | 5 |  5.0

Action                     |  1- 3 |  4- 6 || total
---------------------------+-------+-------++-------
   Fire: Shortbow          |   115 |    51 ||   166
    Use: Scroll            |     8 |     6 ||    14
 Armour: Quicksilver drago |    23 |     5 ||    28
  Dodge: Dodged            |    46 |    15 ||    61

Table legend: (Time is in decaauts)
 A = Elapsed time spent in this place.
 B = Non-inter-level travel time spent in this place.
 C = Inter-level travel time spent in this place.
 D = Time resting spent in this place.
 E = Time spent auto-exploring this place.
 F = Levels seen in this place.
 G = Mean time per level.
                   A        B        C        D        E       F      G
               +--------+--------+--------+--------+--------+-----+--------+
         Total |   2086 |   2009 |     77 |      0 |   1649 |   4 |  521.5 |
       Dungeon |   2086 |   2009 |     77 |      0 |   1649 |   4 |  521.5 |
               +--------+--------+--------+--------+--------+-----+--------+

Top non-repeatable levels by time:
     D:2: 804 daAuts
     D:3: 740 daAuts
     D:1: 524 daAuts
     D:4: 17 daAuts

Table legend:
 A = Kills in this place as a percentage of kills in entire the game.
 B = Kills by you in this place as a percentage of kills by you in the entire game.
 C = Kills by friends in this place as a percentage of kills by friends in the entire game.
 D = Other kills in this place as a percentage of other kills in the entire game.
 E = Experience gained in this place as a percentage of experience gained in the entire game.
 F = Experience gained in this place divided by the number of levels of this place that you have seen.
                   A       B       C       D       E      F
               +-------+-------+-------+-------+-------+----------------------
         Total | 100.0 | 100.0 |   N/A |   N/A | 100.0 |  39.8
       Dungeon | 100.0 | 100.0 |   N/A |   N/A | 100.0 |  39.8
               +-------+-------+-------+-------+-------+----------------------
